 Seeded DCSS version 0.28-a0-1524-ge72afd5fc6 (webtiles) character file.

Game seed: 20220118 (custom seed)

21517 a11behringer the Severer (level 12, -1/107 HPs)
             Began as a Hill Orc Fighter on Jan 18, 2022.
             Was an Initiate of Gozag.
             Shot with an arrow by a centaur warrior (5 damage)
             ... on level 12 of the Dungeon.
             The game lasted 00:31:51 (13976 turns).

a11behringer the Severer (Hill Orc Fighter)        Turns: 13976, Time: 00:31:54

Health: -1/107     AC: 23    Str: 24    XL:     12   Next: 90%
Magic:  21/21      EV:  9    Int: 14    God:    Gozag
Gold:   1882       SH:  5    Dex: 10    Spells: 11/11 levels left

rFire   + . .      SeeInvis .   O - +11 whip "Nuw Luyti" {vorpal, MP+9}
rCold   . . .      Faith    .   c - +0 buckler
rNeg    . . .      Spirit   .   w - +6 chain mail {rF+}
rPois   .          Reflect  .   (no helmet)
rElec   .          Harm     .   E - +0 cloak
rCorr   .          Rampage  +   x - +0 pair of gloves
Will    .....                   N - +1 pair of boots {rampage}
Stlth   ..........              y - amulet of magic regeneration
HPRegen 0.27/turn               B - +6 ring of intelligence
MPRegen 0.57/turn               (no ring)

@: gold aura, slowed, studying Air Magic, very slow
A: no striking features
a: Renounce Religion, Potion Petition, Call Merchant, Bribe Branch


You were on level 12 of the Dungeon.
You worshipped Gozag.
Gozag was most pleased with you.
You visited 1 branch of the dungeon, and saw 12 of its levels.

You collected 3370 gold pieces.
You spent 905 gold pieces at shops.
You paid 583 gold pieces to Gozag.

Inventory:

Hand Weapons
 a - a +1 war axe
 d - a +4 halberd
 h - a +0 battleaxe
 j - the +2 trident of Peiv {vorpal, Fly}
   (You bought it in a shop on level 11 of the Dungeon)

   It inflicts extra damage upon your enemies.
   Fly:       It grants you flight.
 t - a +0 whip of flaming
 A - a +4 antimagic halberd
 L - a +0 shortbow
 O - the +11 whip "Nuw Luyti" (weapon) {vorpal, MP+9}
   (You bought it in a shop on level 11 of the Dungeon)

   It inflicts extra damage upon your enemies.
   MP:        It affects your magic capacity (+9).
 T - a +0 hand crossbow
Missiles
 e - 12 silver boomerangs (quivered)
 f - 135 arrows
 g - 37 poisoned darts
 n - 58 bolts
 s - 5 throwing nets
 v - 19 sling bullets
Armour
 b - a +0 scale mail
 c - a +0 buckler (worn)
 w - a +6 chain mail of fire resistance (worn)
 x - a +0 pair of gloves (worn)
 E - a +0 cloak (worn)
 N - a +1 pair of boots of rampaging (worn)
 R - a +0 tower shield
Magical Staves
 k - a staff of fire
Jewellery
 y - an amulet of magic regeneration (around neck)
 B - a +6 ring of intelligence (left hand)
Wands
 m - a wand of polymorph (5)
 r - a wand of flame (54)
 C - a wand of paralysis (6)
 M - a wand of acid (5)
 P - a wand of charming (6)
Scrolls
 i - 5 scrolls of teleportation
 H - a scroll of fog
 J - 2 scrolls of enchant weapon
 K - a scroll of holy word
 Q - a scroll of enchant armour
 S - a scroll of identify
Potions
 o - a potion of ambrosia
 p - 2 potions of magic
 q - 2 potions of haste {unknown}
 u - 5 potions of curing
 z - 2 potions of lignification
 D - a potion of resistance {unknown}
 F - a potion of berserk rage {unknown}
 G - 3 potions of flight {unknown}
 I - a potion of experience {unknown}


   Skills:
 + Level 10.5 Fighting
 + Level 17.9(18.9) Axes
 * Level 8.5(12.9) Maces & Flails
 + Level 0.1 Throwing
 + Level 10.8 Armour
 + Level 2.3 Dodging
 + Level 6.7 Shields


You had 11 spell levels left.
You didn't know any spells.
Your spell library contained the following spells:

 Spells                   Type           Power      Damage    Failure   Level
 Animate Skeleton         Necr           0%         N/A       88%         1
 Pain                     Necr           0%         1d4       88%         1
 Shock                    Conj/Air       0%         1d3       88%         1
 Ensorcelled Hibernation  Hex/Ice        0%         N/A       96%         2
 Passwall                 Tmut/Erth      0%         N/A       96%         2
 Sublimation of Blood     Necr           0%         N/A       96%         2
 Wereblood                Tmut           0%         N/A       96%         2
 Ozocubu's Armour         Ice            0%         N/A       99%         3
 Swiftness                Air            0%         N/A       99%         3
 Vampiric Draining        Necr           0%         2d6       99%         3
 Airstrike                Air            0%         N/A       100%        4
 Ozocubu's Refrigeration  Ice            0%         4d5       100%        7
 Summon Hydra             Summ           0%         N/A       100%        7


Dungeon Overview and Level Annotations

Branches:
Dungeon (12/15)            Temple (0/1) D:5            Lair (0/6) D:10
    Orc (0/2) D:12

Altars:
Gozag
Hepliaklqana
Makhleb
Okawaru
Sif Muna
Xom

Shops:
D:4 [   D:11 (

Portals:
Trove: D:10 (give +8 demon whip)

Annotations:
D:10 1 runed translucent door, knot's ghost, novice DsBe


Message History

Fannar says, "You will make a fine ice sculpture."
Fannar casts a spell.
Fannar drains the heat from the surrounding environment!
* * * LOW HITPOINT WARNING * * *
The ice beast closely misses you.
You feel much better.
The ice beast hits you but does no damage.
The ice beast misses you.
You feel much better.
Fannar brushes some snowflakes from their robe.
The ice beast hits you but does no damage.
You rampage towards Fannar!
Fannar barely misses you. Fannar gestures at you while chanting.
The bolt of cold hits you!
The bolt of cold hits the ice beast.
The ice beast completely resists.
The ice beast hits you. The ice beast freezes you!
* * * LOW HITPOINT WARNING * * *
You whack Fannar!
Fannar is almost dead.
Fannar hits you but does no damage.
You whack Fannar!
You kill Fannar!
The ice beast disappears in a puff of smoke!
A cyclops comes into view.
Items here: ! $ ) = [.
The cyclops throws a large rock.
The large rock hits you!!
* * * LOW HITPOINT WARNING * * *
Unknown command.
As you read the scroll of teleportation, it crumbles to dust.
You feel strangely unstable.
The cyclops throws a large rock.
The large rock barely misses you.
An efreet comes into view.
It is wielding a +0 scimitar of flaming.
Your surroundings suddenly seem different.
A cyclops and a centaur warrior come into view.
Found a shiny troll leather armour.
The cyclops shouts!
The centaur warrior shouts!
The centaur warrior wields a +0 shortbow.
The centaur warrior shoots an arrow.
The arrow hits you.
You die...
Your body crumbles into a pile of gold.

#..##.# #.##...#.(.# ###.
#.....###.##.#.#######..)
#.#............# #.......
...........##### #[#.##.#
....##.....###[# #[..##.#
....##....##Cc# ###....#
#. ##......##..○# ###...
#.. #.###..#..°# #### #..
#.# #.##@R.#
###..##.###.#....#
............#....#
.........##.#...##
####...$##.#...#
#..........##
#.....#...##
#####..$....###
.....C..#####


You could see a centaur warrior, a cyclops and an efreet.

Vanquished Creatures
  Gastronok (D:12)
  2 hydras
  Harold (D:7)
  Fannar (D:12)
  A boulder beetle (D:12)
  3 two-headed ogres
  A centaur warrior (D:12)
  A tengu warrior (D:10)
  A wizard (D:12)
  Pikel (D:4)
  2 deep elf pyromancers (D:12)
  3 ugly things (D:12)
  A manticore (D:11)
  2 cyclopes
  A gargoyle (D:10)
  A komodo dragon (D:10)
  2 unseen horrors
  Psyche (D:11)
  2 trolls
  A tengu conjurer (D:12)
  A hornet (D:9)
  A meliai zombie (D:10)
  A shadow (D:9)
  A vampire (D:8)
  3 wyverns
  5 yaks
  2 wraiths
  2 steam dragons
  3 vampire mosquitoes (D:11)
  A water moccasin (D:7)
  2 sky beasts
  3 black bears
  9 orc warriors
  An ice beast (D:7)
  3 ogres
  4 centaurs
  5 necrophages (D:7)
  2 kobold brigands
  A gnoll sergeant (D:10)
  5 bullfrogs
  3 scorpions
  A water moccasin skeleton (D:5)
  13 killer bees
  10 wights
  A howler monkey (D:5)
  An electric eel (D:10)
  A lava snake (D:8)
  2 centaur zombies (D:10)
  A bullfrog zombie (D:7)
  3 orc priests
  A centaur skeleton (D:5)
  3 hounds
  A bullfrog skeleton (D:5)
  2 gnoll shamans (D:10)
  An iguana (D:5)
  13 orc wizards
  3 killer bee zombies (D:7)
  2 howler monkey zombies
  6 gnolls (D:10)
  3 adders
  A worm (D:4)
  2 dart slugs (D:2)
  36 orcs
  2 ball pythons
  2 endoplasms
  6 giant cockroaches
  3 goblins
  3 hobgoblins
  6 jackals
  A quokka (D:3)
  4 bats
  5 frilled lizards
  10 kobolds
  10 rats
246 creatures vanquished.

Vanquished Creatures (others)
  An acid dragon (D:10)
  An orc (D:10)
  9 fungi
  5 plants (D:10)
  3 toadstools (D:1)
  2 withered plants (D:7)
21 creatures vanquished.

Grand Total: 267 creatures vanquished

Notes
Turn   | Place    | Note
-------+----------+-------------------------------------------
     0 | D:1      | a11behringer the Hill Orc Fighter began the quest for the
                  | Orb.
     0 | D:1      | Reached XP level 1. HP: 19/19 MP: 1/1
   169 | D:1      | Reached skill level 3 in Axes
   169 | D:1      | Reached XP level 2. HP: 23/27 MP: 2/2
   622 | D:2      | Found a faded altar of an unknown god.
   631 | D:2      | Reached XP level 3. HP: 32/33 MP: 3/3
  1137 | D:2      | Found an opulent altar of Gozag.
  1143 | D:2      | Became a worshipper of Gozag Ym Sagoz the Greedy
  1199 | D:2      | Reached skill level 4 in Axes
  1653 | D:3      | Found a burning altar of Makhleb.
  1779 | D:3      | Reached XP level 4. HP: 38/40 MP: 4/4
  2365 | D:4      | Noticed a scorpion
  2375 | D:4      | Killed a scorpion
  2376 | D:4      | Reached skill level 5 in Axes
  2376 | D:4      | Reached XP level 5. HP: 33/46 MP: 5/5
  2661 | D:4      | Reached skill level 6 in Axes
  2661 | D:4      | Reached XP level 6. HP: 52/52 MP: 6/6
  2783 | D:4      | Noticed Pikel
  2810 | D:4      | Killed Pikel
  2811 | D:4      | Reached skill level 8 in Axes
  2811 | D:4      | Reached skill level 5 in Armour
  2811 | D:4      | Reached XP level 7. HP: 37/60 MP: 7/7
  3142 | D:4      | Found Fuerituc's Armour Shoppe.
  3147 | D:4      | Bought a +4 chain mail of fire resistance for 378 gold
                  | pieces
  3410 | D:4      | Reached skill level 9 in Axes
  3569 | D:5      | Entered Level 5 of the Dungeon
  3574 | D:5      | Reached XP level 8. HP: 62/67 MP: 8/8
  3663 | D:5      | Reached skill level 1 in Dodging
  3848 | D:5      | Reached skill level 10 in Axes
  4009 | D:5      | Found an iron altar of Okawaru.
  4077 | D:5      | Found a staircase to the Ecumenical Temple.
  4382 | D:6      | Found an opulent altar of Gozag.
  4423 | D:6      | Reached skill level 11 in Axes
  4607 | D:6      | Reached skill level 5 in Fighting
  4827 | D:6      | Reached XP level 9. HP: 60/74 MP: 9/9
  5143 | D:7      | Reached skill level 12 in Axes
  5468 | D:7      | Reached skill level 5 in Shields
  5517 | D:7      | Reached skill level 13 in Axes
  5542 | D:7      | Noticed Harold
  5565 | D:7      | Killed Harold
  5566 | D:7      | Reached skill level 14 in Axes
  5566 | D:7      | Reached XP level 10. HP: 31/84 MP: 0/10
  5894 | D:7      | Found a hazy altar of Hepliaklqana.
  6163 | D:8      | Reached skill level 15 in Axes
  7415 | D:9      | Noticed a cyclops
  7441 | D:9      | Killed a cyclops
  7442 | D:9      | Reached skill level 16 in Axes
  7452 | D:9      | Found a shimmering blue altar of Sif Muna.
  7510 | D:9      | Paralysed by a hornet for 1 turns
  8563 | D:10     | Entered Level 10 of the Dungeon
  8575 | D:10     | Reached XP level 11. HP: 80/94 MP: 11/11
  8929 | D:10     | Noticed a two-headed ogre
  8938 | D:10     | Killed a two-headed ogre
  8939 | D:10     | Reached skill level 17 in Axes
  9332 | D:10     | Noticed a tengu warrior
  9366 | D:10     | Killed a tengu warrior
  9756 | D:10     | Found a runed translucent door.
  9902 | D:10     | Found a portal to a secret trove of treasure.
 10332 | D:10     | Found a staircase to the Lair.
 10613 | D:10     | Found a shimmering altar of Xom.
 10613 | D:10     | Noticed knot's ghost (novice DsBe)
 10613 | D:10     | Noticed a +0 hand axe of chaos
 10710 | D:11     | Identified a scroll of acquirement
 10710 | D:11     | Acquired 852 gold pieces
 10742 | D:11     | Noticed Psyche
 10749 | D:11     | Killed Psyche
 10938 | D:11     | Noticed a manticore
 10951 | D:11     | Killed a manticore
 11318 | D:11     | Bought a smoking trident for 280 gold pieces
 11318 | D:11     | Identified the +2 trident of Peiv {vorpal, Fly} (You bought
                  | it in a shop on level 11 of the Dungeon)
 11318 | D:11     | Bought a blackened whip for 247 gold pieces
 11318 | D:11     | Identified the +11 whip "Nuw Luyti" {vorpal, MP+9} (You
                  | bought it in a shop on level 11 of the Dungeon)
 11361 | D:11     | Noticed a two-headed ogre
 11372 | D:11     | Killed a two-headed ogre
 11373 | D:11     | Reached skill level 1 in Maces & Flails
 11558 | D:11     | Identified the +2 quarterstaff of Rycocikk {freeze, rElec
                  | Stlth+}
 11587 | D:11     | Noticed a five-headed hydra
 11598 | D:11     | Killed a five-headed hydra
 11599 | D:11     | Reached XP level 12. HP: 50/106 MP: 12/12
 11820 | D:11     | Reached skill level 10 in Armour
 12364 | D:12     | Found a staircase to the Orcish Mines.
 12781 | D:12     | Reached skill level 10 in Fighting
 12973 | D:12     | Noticed a boulder beetle
 12974 | D:12     | Noticed a centaur warrior
 12992 | D:12     | Killed a centaur warrior
 13008 | D:12     | Killed a boulder beetle
 13009 | D:12     | Reached skill level 5 in Maces & Flails
 13348 | D:12     | Noticed a four-headed hydra
 13355 | D:12     | Killed a four-headed hydra
 13660 | D:12     | Noticed a two-headed ogre
 13666 | D:12     | Killed a two-headed ogre
 13935 | D:12     | Noticed Gastronok
 13936 | D:12     | Noticed Fannar
 13951 | D:12     | Killed Gastronok
 13967 | D:12     | Killed Fannar
 13969 | D:12     | HP: 1/107 [cyclops/large rock (24)]
 13976 | D:12     | Noticed a centaur warrior
 13976 | D:12     | Shot with an arrow by a centaur warrior

Illustrated notes

Levels and vault maps discovered:
D:1:      dpeg_arrival_shelter, layout_rooms, eino_curves_03,
          minmay_gold_behind_fungi
D:2:      layout_basic, basic_altar, hellmonk_ecumenical_altar_heavens_door,
          grunt_ministairs_1, minmay_misc_feat_rugged, kennysheep_crisscross
D:3:      layout_loops_ring, amcnicky_altar_gilded
D:4:      layout_loops_cross, serial_shops, shop, minmay_manual_mullet,
          uniq_pikel
D:5:      layout_rooms, mainiacjoe_overflow_paths,
          nicolae_overflow_hidden_temple, minmay_temple_entry_nine_rooms
D:6:      layout_loops_ring, mainiacjoe_overflow_boulevard
D:7:      layout_cave_pools, mainiacjoe_overflow_alcove_2, serial_undead,
          serial_undead_a, serial_undead_d, serial_undead_b, serial_undead_e,
          uniq_harold
D:8:      layout_basic, kennysheep_cross_bottleneck
D:9:      layout_basic, mainiacjoe_overflow_alcove_1, minmay_tree_intersection
D:10:     wad_river_or_something, layout_stronghold,
          grunt_lair_entry_orc_guard_hut, enter_trove_1, ebering_ghost_xom,
          grunt_ministairs_1, minmay_between
D:11:     layout_small_grid, uniq_psyche
D:12:     minmay_swirls_squares, layout_small_grid, orc_david_3, uniq_gastronok,
          uniq_fannar

Skill      XL: |  1  2  3  4  5  6  7  8  9 10 11 12 |
---------------+-------------------------------------+-----
Axes           | 3 4 5 6 8 9 11 14 16 17 | 17.9
Fighting       | 4 5 6 7 9 10 | 10.5
Armour         | 4 5 6 7 9 10 | 10.8
Shields        | 4 5 6 |  6.7
Dodging        | 1 2 |  2.3
Maces & Flails | 1 8 |  8.5
Throwing       | |  0.1

Action                   |  1- 3 |  4- 6 |  7- 9 | 10-12 || total
-------------------------+-------+-------+-------+-------++-------
Melee: War axe           |    99 |    60 |   232 |   433 ||   824
       Whip              |       |       |       |   223 ||   223
Throw: Boomerang         |       |       |       |     2 ||     2
Invok: Call Merchant     |       |       |       |     1 ||     1
  Use: Potion            |       |     2 |     2 |     8 ||    12
       Scroll            |       |       |     9 |     9 ||    18
 Stab: Distracted        |       |       |     1 |     4 ||     5
Armor: Scale mail        |    60 |    23 |     5 |       ||    88
       Chain mail        |       |       |   145 |   455 ||   600
Dodge: Dodged            |    60 |    30 |    87 |   197 ||   374
Block: Buckler           |    17 |    16 |    41 |   129 ||   203

Table legend: (Time is in decaauts)
 A = Elapsed time spent in this place.
 B = Non-inter-level travel time spent in this place.
 C = Inter-level travel time spent in this place.
 D = Time resting spent in this place.
 E = Time spent auto-exploring this place.
 F = Levels seen in this place.
 G = Mean time per level.
                   A        B        C        D        E       F      G
               +--------+--------+--------+--------+--------+-----+--------+
         Total |  13879 |  13092 |    787 |      0 |  11197 |  12 | 1156.6 |
       Dungeon |  13879 |  13092 |    787 |      0 |  11197 |  12 | 1156.6 |
               +--------+--------+--------+--------+--------+-----+--------+

Top non-repeatable levels by time:
    D:10: 2088 daAuts
    D:11: 1622 daAuts
    D:12: 1551 daAuts
     D:8: 1378 daAuts
     D:4: 1249 daAuts
     D:9: 1164 daAuts
     D:2: 1069 daAuts
     D:7: 884 daAuts
     D:6: 878 daAuts
     D:3: 729 daAuts
     D:5: 656 daAuts
     D:1: 605 daAuts
